[Event "XX Sants Open 2018"]
[Site "Cotxeres de Sants"]
[Date "2018.08.23"]
[Round "7"]
[White "Romero Funieles, Rafael de Jesus"]
[Black "Grasa Solanas, Oscar"]
[Result "0-1"]
[ECO "A00"]
[WhiteElo "1642"]
[BlackElo "1646"]
[Annotator "NA RC"]
[PlyCount "72"]
[EventDate "2018.08.17"]
[EventType "swiss"]
[EventCountry "ESP"]
[SourceTitle "playchess.com"]
[Source "ChessBase"]
[SourceQuality "1"]
[TimeControl "40/5400+30:1800+30"]

1. a3 e5 2. e3 d5 3. h3 Nf6 4. Nf3 Bd6 5. c4 e4 6. Nd4 c5 7. Nb5 O-O 8. Nxd6 Qxd6 9. Nc3 d4 10. exd4 cxd4 11. Nb5 Qd8 12. a4 Nc6 13. b3 a6 14. Na3 Bf5 15. g4 Bg6 16. Bg2 Nd7 17. Nc2 Nc5 18. O-O Nxb3 19. Rb1 Nxc1 20. Qxc1 Rb8 21. c5 f5 22. gxf5 Bxf5 23. Rb3 d3 24. Ne3 Nd4 25. Qb1 Nxb3 26. Qxb3+ Kh8 27. Nxf5 Rxf5 28. Bxe4 Rxc5 29. Qf7 Re5 30. Qf3 Qe7 31. Bxd3 Rf8 32. Qd1 Qh4 33. Be2 Qxh3 34. Bg4 Rg5 35. f3 Qg3+ 36. Kh1 Rf6 0-1

[Event "XX Sants Open 2018"]
[Site "Cotxeres de Sants"]
[Date "2018.08.23"]
[Round "7"]
[White "Martin Sanchez, Antoni"]
[Black "Buisan Arnau, Oriol"]
[Result "1/2-1/2"]
[ECO "D02"]
[WhiteElo "1535"]
[BlackElo "1599"]
[Annotator "NA"]
[PlyCount "98"]
[EventDate "2018.08.17"]
[EventType "swiss"]
[EventCountry "ESP"]
[SourceTitle "playchess.com"]
[Source "ChessBase"]
[SourceQuality "1"]
[TimeControl "40/5400+30:1800+30"]

1. d4 d5 2. Nf3 Nf6 3. Nbd2 Bf5 4. g3 c6 5. Bg2 e6 6. O-O Bd6 7. Re1 Nbd7 8. b3 O-O 9. Bb2 Re8 10. Ne5 h6 11. f4 c5 12. c3 cxd4 13. cxd4 Rc8 14. h3 Bc2 15. Qc1 Bxb3 16. Qb1 Bc2 17. Qc1 Be4 18. Qd1 Bxg2 19. Kxg2 Bb4 20. e3 Bxd2 21. Qxd2 Ne4 22. Qe2 Nxe5 23. fxe5 Qg5 24. g4 Qh4 25. Qf3 Rc2+ 26. Re2 Rxe2+ 27. Qxe2 Qg3+ 28. Kf1 Qxh3+ 29. Kg1 Rc8 30. Rc1 Rxc1+ 31. Bxc1 Qg3+ 32. Kf1 Qh4 33. Qg2 Qg3 34. Qe2 Qh3+ 35. Kg1 Ng3 36. Qf3 Qh4 37. Bd2 Ne4 38. Bb4 Qg3+ 39. Qxg3 Nxg3 40. Kf2 Ne4+ 41. Kf3 a6 42. a3 Kh7 43. Be7 Kg6 44. Bd8 h5 45. gxh5+ Kxh5 46. a4 g5 47. a5 g4+ 48. Kf4 Nc3 49. Be7 Ne2# 1/2-1/2

[Event "XX Sants Open 2018"]
[Site "Cotxeres de Sants"]
[Date "2018.08.24"]
[Round "8"]
[White "Vargas Drechsler, Carlos"]
[Black "Perez Garcia, Jose Miguel"]
[Result "1-0"]
[ECO "B23"]
[WhiteElo "1902"]
[BlackElo "1910"]
[Annotator "NA"]
[PlyCount "53"]
[EventDate "2018.08.17"]
[EventType "swiss"]
[EventCountry "ESP"]
[SourceTitle "playchess.com"]
[Source "ChessBase"]
[SourceQuality "1"]
[TimeControl "40/5400+30:1800+30"]

1. e4 c5 2. Nc3 e6 3. g3 a6 4. a4 b6 5. Bg2 Bb7 6. Nge2 d6 7. O-O Nd7 8. d3 Qc7 9. f4 Be7 10. f5 exf5 11. Rxf5 Ngf6 12. Bg5 O-O 13. Qd2 Rfe8 14. Raf1 Rab8 15. Nf4 Qd8 16. Bxf6 Nxf6 17. Nfd5 Bxd5 18. Nxd5 Nxd5 19. exd5 Rf8 20. Be4 g6 21. Qh6 f6 22. Rh5 Rf7 23. Bxg6 Bf8 24. Bxf7+ Kxf7 25. Qxh7+ Bg7 26. Re1 Rb7 27. Qe4 1-0

[Event "XX Sants Open 2018"]
[Site "Cotxeres de Sants"]
[Date "2018.08.24"]
[Round "8"]
[White "Alcala Gonzalez, Cesar"]
[Black "Magallanes, Gustavo Javier"]
[Result "0-1"]
[ECO "E21"]
[WhiteElo "1815"]
[BlackElo "1905"]
[Annotator "NA"]
[PlyCount "75"]
[EventDate "2018.08.17"]
[EventType "swiss"]
[EventCountry "ESP"]
[SourceTitle "playchess.com"]
[Source "ChessBase"]
[SourceQuality "1"]
[TimeControl "40/5400+30:1800+30"]

1. d4 Nf6 2. c4 e6 3. Nc3 Bb4 4. Nf3 Bxc3+ 5. bxc3 b6 6. Bg5 Bb7 7. e3 d6 8. Nd2 Nbd7 9. Qc2 h6 10. Bh4 Qe7 11. e4 e5 12. Bd3 g5 13. Bg3 Nh5 14. O-O-O O-O-O 15. Rhe1 Kb8 16. Nf1 Qf6 17. Be2 Nf4 18. Ne3 Rhe8 19. Bf3 Qg6 20. d5 Nc5 21. h3 Bc8 22. Bxf4 exf4 23. Nf1 f5 24. Nd2 h5 25. g3 fxg3 26. fxg3 fxe4 27. Nxe4 Bf5 28. Rd4 g4 29. hxg4 hxg4 30. Bg2 Re5 31. Re3 Rde8 32. Nxc5 Bxc2 33. Nd7+ Kc8 34. Nxe5 dxe5 35. Rd2 Qg5 36. Ree2 Bd3 37. Rf2 Bxc4 38. d6 0-1

[Event "XX Sants Open 2018"]
[Site "Cotxeres de Sants"]
[Date "2018.08.24"]
[Round "8"]
[White "Barragan Hernandez, Manel"]
[Black "Santos Ramos, Carlos"]
[Result "1/2-1/2"]
[ECO "B01"]
[WhiteElo "1799"]
[BlackElo "1825"]
[Annotator "NA"]
[PlyCount "99"]
[EventDate "2018.08.17"]
[EventType "swiss"]
[EventCountry "ESP"]
[SourceTitle "playchess.com"]
[Source "ChessBase"]
[SourceQuality "1"]
[TimeControl "40/5400+30:1800+30"]

1. e4 d5 2. exd5 Nf6 3. d4 Nxd5 4. Nf3 Bf5 5. Bd3 Bxd3 6. Qxd3 c6 7. O-O e6 8. Re1 Be7 9. c4 Nf6 10. Nc3 O-O 11. Bf4 Nbd7 12. Rad1 Nh5 13. Be3 Qc7 14. Ne4 Ndf6 15. Nxf6+ Nxf6 16. Bg5 h6 17. Bh4 Nh5 18. Bxe7 Qxe7 19. Ne5 Qg5 20. Qf3 Nf6 21. b4 Rad8 22. a4 Nd7 23. b5 c5 24. Qxb7 Nxe5 25. dxe5 Qxe5 26. Qxa7 Rd2 27. Qa5 Rxd1 28. Rxd1 Qe2 29. Rc1 Qd3 30. Qc3 Qd6 31. g3 Rd8 32. a5 f5 33. f4 g5 34. Qe5 Qd2 35. Qxe6+ Kg7 36. Qe1 Qd4+ 37. Qf2 Qe4 38. Qxc5 Rd2 39. Qe5+ Kg6 40. Qxe4 fxe4 41. Re1 Kf5 42. fxg5 hxg5 43. a6 Kg4 44. Rxe4+ Kh3 45. a7 Ra2 46. b6 g4 47. b7 Rxh2 48. b8=Q Rh1+ 49. Kf2 Rh2+ 50. Ke3 1/2-1/2

[Event "XX Sants Open 2018"]
[Site "Cotxeres de Sants"]
[Date "2018.08.24"]
[Round "8"]
[White "Rull Borrell, Salvador"]
[Black "Garrido Sanchez, Daniel"]
[Result "1/2-1/2"]
[ECO "B34"]
[WhiteElo "1647"]
[BlackElo "1560"]
[Annotator "NA"]
[PlyCount "50"]
[EventDate "2018.08.17"]
[EventType "swiss"]
[EventCountry "ESP"]
[SourceTitle "playchess.com"]
[Source "ChessBase"]
[SourceQuality "1"]
[TimeControl "40/5400+30:1800+30"]

1. e4 c5 2. Nf3 Nc6 3. d4 cxd4 4. Nxd4 Nf6 5. Nc3 e5 6. Ndb5 a6 7. Nd6+ Bxd6 8. Qxd6 Qe7 9. Qxe7+ Nxe7 10. Bd3 h6 11. f3 d5 12. exd5 Nexd5 13. Nxd5 Nxd5 14. Bd2 O-O 15. O-O Be6 16. Rfe1 Nf4 17. Bf1 Ng6 18. c4 f6 19. b4 Kf7 20. a4 Rfd8 21. Be3 Ne7 22. b5 Nf5 23. Bb6 Rd6 24. Bd3 Rb8 25. Be4 Ra8 1/2-1/2

[Event "XX Sants Open 2018"]
[Site "Cotxeres de Sants"]
[Date "2018.08.24"]
[Round "8"]
[White "Grasa Solanas, Oscar"]
[Black "Vadillo, Torre Ismael"]
[Result "0-1"]
[ECO "A25"]
[WhiteElo "1646"]
[BlackElo "1567"]
[Annotator "NA"]
[PlyCount "86"]
[EventDate "2018.08.17"]
[EventType "swiss"]
[EventCountry "ESP"]
[SourceTitle "playchess.com"]
[Source "ChessBase"]
[SourceQuality "1"]
[TimeControl "40/5400+30:1800+30"]

1. c4 e5 2. Nc3 g6 3. g3 Bg7 4. Bg2 Nc6 5. Nf3 Nge7 6. O-O O-O 7. d3 f5 8. Rb1 d5 9. cxd5 Nxd5 10. Qb3 Be6 11. Ng5 Nd4 12. Qd1 c6 13. Nxe6 Nxe6 14. Nxd5 cxd5 15. e3 e4 16. dxe4 dxe4 17. Qb3 Qe7 18. Bd2 Rfd8 19. Bb4 Qf7 20. Rfd1 Ng5 21. Qc2 Rac8 22. Rxd8+ Rxd8 23. Bf1 Qd7 24. Be2 Nf3+ 25. Kg2 Kh8 26. Rd1 Qc8 27. Rxd8+ Qxd8 28. b3 Ne5 29. Bb5 a6 30. Be2 h5 31. Ba3 Kh7 32. h4 Nd3 33. Kf1 Qa5 34. Bxd3 exd3 35. Qc5 Qd2 36. Bc1 Qe2+ 37. Kg2 Qxa2 38. Qb4 Qb1 39. Bd2 Qc2 40. Kf1 Qd1+ 41. Kg2 b6 42. Bc3 a5 43. Qc4 Qc2 0-1

[Event "XX Sants Open 2018"]
[Site "Cotxeres de Sants"]
[Date "2018.08.24"]
[Round "8"]
[White "Buisan Arnau, Oriol"]
[Black "Lujan Moreno, Royer Manuel"]
[Result "0-1"]
[ECO "C41"]
[WhiteElo "1599"]
[BlackElo "1477"]
[Annotator "NA"]
[PlyCount "54"]
[EventDate "2018.08.17"]
[EventType "swiss"]
[EventCountry "ESP"]
[SourceTitle "playchess.com"]
[Source "ChessBase"]
[SourceQuality "1"]
[TimeControl "40/5400+30:1800+30"]

1. e4 e5 2. Nf3 d6 3. Bc4 Be7 4. h3 h6 5. d3 Nf6 6. c3 c5 7. Nbd2 O-O 8. Nf1 Nh7 9. Ne3 Be6 10. Nd5 Nd7 11. O-O Nb6 12. Nxe7+ Qxe7 13. Bb3 Kh8 14. Nh2 Rad8 15. c4 f5 16. exf5 Rxf5 17. f4 Rdf8 18. fxe5 Rxf1+ 19. Nxf1 dxe5 20. Qe2 Bd7 21. Bd2 Bc6 22. Re1 Nd7 23. Bc3 Qg5 24. Nh2 Qg3 25. Bc2 Ng5 26. Qg4 Qf2+ 27. Kh1 Qxc2 0-1

[Event "XX Sants Open 2018"]
[Site "Cotxeres de Sants"]
[Date "2018.08.25"]
[Round "9"]
[White "Magallanes, Gustavo Javier"]
[Black "Vinas Serrano, Jordi"]
[Result "1-0"]
[ECO "C00"]
[WhiteElo "1905"]
[BlackElo "1802"]
[Annotator "NA RC"]
[PlyCount "93"]
[EventDate "2018.08.17"]
[EventType "swiss"]
[EventCountry "ESP"]
[SourceTitle "playchess.com"]
[Source "ChessBase"]
[SourceQuality "1"]
[TimeControl "40/5400+30:1800+30"]

1. e4 e6 2. d3 d5 3. Qe2 Be7 4. Nf3 Nf6 5. g3 O-O 6. Bg2 c5 7. e5 Nfd7 8. O-O Nc6 9. c4 f6 10. exf6 Nxf6 11. Bf4 Bd6 12. Bxd6 Qxd6 13. Re1 Bd7 14. Nc3 Rae8 15. Ne5 Nd4 16. Qd1 Nc6 17. Nb5 Qe7 18. Nxc6 bxc6 19. Nc3 Qd6 20. Rc1 Re7 21. Qe2 Rfe8 22. Qe5 Qxe5 23. Rxe5 Bc8 24. Rce1 Nd7 25. R5e2 Kf7 26. Na4 Bb7 27. f4 g6 28. Bh3 Ba6 29. b3 Bb7 30. Bg2 Ba6 31. Bf3 Bb7 32. Kf2 Kf6 33. g4 g5 34. fxg5+ Kxg5 35. Kg3 h6 36. h4+ Kg6 37. Nc3 Nb6 38. Nd1 Kf6 39. Ne3 Nd7 40. Rf1 Kg6 41. Ng2 e5 42. h5+ Kh7 43. Nh4 Nf8 44. Nf5 Re6 45. Bg2 Kh8 46. Nh4 R6e7 47. Rxf8+ {Re6} 1-0

[Event "XX Sants Open 2018"]
[Site "Cotxeres de Sants"]
[Date "2018.08.25"]
[Round "9"]
[White "Zheng, Hong Wei"]
[Black "Barragan Hernandez, Manel"]
[Result "1-0"]
[ECO "A02"]
[WhiteElo "1876"]
[BlackElo "1799"]
[Annotator "NA RC"]
[PlyCount "71"]
[EventDate "2018.08.17"]
[EventType "swiss"]
[EventCountry "ESP"]
[SourceTitle "playchess.com"]
[Source "ChessBase"]
[SourceQuality "1"]
[TimeControl "40/5400+30:1800+30"]

1. f4 Nf6 2. Nf3 g6 3. d3 d5 4. g3 Bg7 5. Bg2 O-O 6. O-O c6 7. c3 Nbd7 8. Qc2 Qb6+ 9. Kh1 a5 10. e4 dxe4 11. dxe4 Nc5 12. Ne5 Ng4 13. Nxg4 Bxg4 14. Be3 Qb5 15. Na3 Qb6 16. Qf2 Nxe4 17. Bxb6 Nxf2+ 18. Rxf2 e5 19. Nc4 exf4 20. Rxf4 Be2 21. Bf1 Rfe8 22. Bxe2 Rxe2 23. Raf1 f5 24. a4 Ra6 25. Rd1 Rxb6 26. Nxb6 Rxb2 27. Nc4 Rc2 28. Nxa5 Rxc3 29. Nxb7 Be5 30. Rff1 Ra3 31. a5 c5 32. Rd7 Bc3 33. Rc1 c4 34. Rc7 Bxa5 35. Nxa5 Rxa5 36. R1xc4 1-0

[Event "XX Sants Open 2018"]
[Site "Cotxeres de Sants"]
[Date "2018.08.25"]
[Round "9"]
[White "Santos Ramos, Carlos"]
[Black "Vargas Drechsler, Carlos"]
[Result "0-1"]
[ECO "A04"]
[WhiteElo "1825"]
[BlackElo "1902"]
[Annotator "NA RC"]
[PlyCount "202"]
[EventDate "2018.08.17"]
[EventType "swiss"]
[EventCountry "ESP"]
[SourceTitle "playchess.com"]
[Source "ChessBase"]
[SourceQuality "1"]
[TimeControl "40/5400+30:1800+30"]

1. Nf3 c5 2. c4 Nf6 3. g3 g6 4. Bg2 Bg7 5. O-O O-O 6. Nc3 Nc6 7. e4 d6 8. d3 Rb8 9. h3 a6 10. a4 Nb4 {[%emt 0:01:34] A38: Symmetrical English vs ...g6: 4 Bg2 Bg7 5 Nf3 Nf6} (10... h6 11. Re1 Bd7 12. Be3 Qc8 13. Kh2 Kh7 14. Qd2 Be6 15. Rac1 {½-½ (15) Salvador,R (2447)-Sanchez,J (2491) Bratto 2009}) 11. Be3 e5 $146 ({Predecessor:} 11... b6 12. Qd2 e6 13. d4 Qe7 {½-½ (63) Muhtarov,L (2230)-Sebenik,M (2115) Bled 1997}) 12. Qd2 Bd7 13. b3 b5 14. axb5 axb5 15. Na2 Nc6 16. Rfb1 b4 17. Bh6 Re8 18. Bxg7 Kxg7 19. Nc1 Qc8 20. Kh2 Rh8 21. Ne2 h6 22. Nfg1 g5 23. f4 g4 24. h4 Ra8 25. fxe5 dxe5 26. Qe3 Nd4 27. Nxd4 cxd4 28. Qf2 Qc6 29. Qd2 Rhb8 30. Ne2 Qc5 31. Ra2 Rxa2 32. Qxa2 Bc6 33. Qb2 Ra8 34. Rf1 Ra3 35. Nc1 Qe7 36. Qf2 Bd7 37. Rd1 Be6 38. Rd2 Ne8 39. Rb2 Nc7 40. Qd2 Qc5 41. Bf1 Na6 42. Be2 Qa5 43. h5 Qd8 44. Na2 Qf6 45. Bd1 Qf1 46. Qe2 Qh3+ 47. Kg1 Qxg3+ 48. Kf1 Qh3+ 49. Ke1 Qxh5 50. Kd2 Qg5+ 51. Kc2 h5 52. Kb1 h4 53. Rd2 g3 54. Kb2 h3 55. Nxb4 g2 56. Kxa3 Nxb4 57. Kxb4 g1=Q 58. Ra2 Bg4 59. Qxg4 Q1xg4 60. Bxg4 Qxg4 61. c5 Qc8 62. Rc2 Kg6 63. c6 h2 64. Rxh2 Kf6 65. Kc4 Ke7 66. Kc5 Qa6 67. b4 Qxd3 68. b5 Qc3+ 69. Kb6 d3 70. Kb7 Qb4 71. b6 Qxe4 72. Kc7 Qf4 73. Rb2 e4+ 74. Kb7 Qe5 (74... d2 $142 75. c7 d1=Q 76. c8=Q Qd5+ 77. Ka7 e3 78. Qb7+ Qxb7+ 79. Kxb7 Qe4+ 80. Ka7 e2 81. Rxe2 Qxe2 82. b7 Qe3+ 83. Ka6 Qe5 84. Kb6 f5 85. b8=Q Qxb8+ 86. Kc5 Qe5+ 87. Kb4 f4 88. Kb3 f3 89. Kb4 f2 90. Kb3 f1=Q 91. Ka4 Qc4+ 92. Ka3 Qec3#) 75. c7 Qxb2 76. c8=Q Qd4 (76... d2 $142 77. Qc7+ Ke6 78. Qc8+ Ke5 79. Qc5+ Kf6 80. Qd6+ Kg5 81. Qg3+ Kf5 82. Qh3+ Kf4 83. Qf1+ Ke5) 77. Qc1 d2 78. Qd1 Kd8 79. Ka8 e3 80. b7 Qd5 81. Ka7 $2 (81. Qa4 $17) 81... Qa5+ 82. Kb8 f5 83. Qc2 Qe5+ 84. Ka8 Qa1+ 85. Kb8 d1=Q 86. Qc7+ Ke8 87. Qc6+ Kf7 88. Qd7+ Kg6 89. Qe8+ Kg5 90. Qxe3+ f4 91. Qc5+ Kg4 92. Qc8+ Kg3 93. Qg8+ Qg4 94. Qd8 Qe5+ 95. Ka8 Qf3 96. Qg8+ Kf2 97. Qa2+ Qee2 98. Qa5 Qe8+ 99. Ka7 Qfe3+ 100. Qb6 Qxb6+ 101. Kxb6 Qb8 0-1

[Event "XX Sants Open 2018"]
[Site "Cotxeres de Sants"]
[Date "2018.08.25"]
[Round "9"]
[White "Vadillo, Torre Ismael"]
[Black "Buisan Arnau, Oriol"]
[Result "0-1"]
[ECO "A80"]
[WhiteElo "1567"]
[BlackElo "1599"]
[Annotator "NA RC"]
[PlyCount "78"]
[EventDate "2018.08.17"]
[EventType "swiss"]
[EventCountry "ESP"]
[SourceTitle "playchess.com"]
[Source "ChessBase"]
[SourceQuality "1"]
[TimeControl "40/5400+30:1800+30"]

1. d4 f5 2. Nf3 Nf6 3. c4 e6 4. g3 d5 5. Bg2 Be7 6. O-O O-O 7. c5 b6 8. cxb6 cxb6 9. Bf4 Nc6 10. Nc3 Bd6 11. e3 Ba6 12. Re1 Ne4 13. Nxe4 fxe4 14. Ng5 Qe7 15. Qh5 h6 16. Nh3 Rf5 17. Qg4 Kh7 18. Rec1 Rc8 19. Bxd6 Qxd6 20. Nf4 Ne7 21. Rxc8 Bxc8 22. Rc1 Bd7 23. Qe2 Rf8 24. Qa6 Qb8 25. Bh3 Rf6 26. Qa3 Nc6 27. Nxd5 exd5 28. Bxd7 Qc7 29. Bxc6 Rxc6 30. Rxc6 Qxc6 31. Qc3 Qa4 32. Qb3 Qxb3 33. axb3 Kg6 34. f3 exf3 35. Kf2 Kf5 36. Kxf3 g5 37. g4+ Ke6 38. e4 Kd6 39. e5+ Ke6 0-1

[Event "XX Sants Open 2018"]
[Site "Cotxeres de Sants"]
[Date "2018.08.25"]
[Round "9"]
[White "Garrido Sanchez, Daniel"]
[Black "Grasa Solanas, Oscar"]
[Result "1-0"]
[ECO "B01"]
[WhiteElo "1560"]
[BlackElo "1646"]
[Annotator "NA RC"]
[PlyCount "131"]
[EventDate "2018.08.17"]
[EventType "swiss"]
[EventCountry "ESP"]
[SourceTitle "playchess.com"]
[Source "ChessBase"]
[SourceQuality "1"]
[TimeControl "40/5400+30:1800+30"]

1. e4 d5 2. exd5 Qxd5 3. Nc3 Qa5 4. d4 Nf6 5. Nf3 Bf5 6. Bd3 Bxd3 7. Qxd3 e6 8. Qb5+ Qxb5 9. Nxb5 Na6 10. Bf4 Nd5 11. Bd2 c6 12. Nc3 O-O-O 13. Ne5 Re8 14. Nxf7 Rg8 15. a3 g6 16. O-O-O Rg7 17. Ne5 Bd6 18. Nxd5 Bxe5 19. dxe5 cxd5 20. Be3 Kb8 21. Kb1 Rc8 22. Rc1 Rf7 23. Rhf1 Rf5 24. f4 Rf7 25. Rfd1 Rc4 26. g3 Nc7 27. Rd4 Rxd4 28. Bxd4 b6 29. c4 dxc4 30. Rxc4 Kb7 31. Rc1 Rd7 32. Bc3 Nd5 33. Bd2 Rd8 34. Rc2 Rd7 35. Ka2 Rd8 36. Rc1 Rd7 37. Kb1 Rd8 38. Rf1 Rd7 39. h3 a5 40. g4 Ne7 41. Rf2 Rd3 42. Rh2 Rf3 43. h4 Rg3 44. g5 Rd3 45. Kc2 Rd7 46. h5 Nf5 47. hxg6 hxg6 48. Bc1 Kc6 49. Rh8 Rg7 50. Re8 Kd7 51. Rh8 Kc6 52. Kc3 Ne7 53. Rd8 Nd5+ 54. Kd4 Ne7 55. Rd6+ Kb5 56. Rxe6 Nf5+ 57. Ke4 Ng3+ 58. Kd5 Nf5 59. a4+ Ka6 60. Re8 Rc7 61. Rg8 Rxc1 62. Rf8 Rc5+ 63. Ke6 Rc6+ 64. Kd7 Nd4 65. Rc8 Re6 66. Rc4 1-0

[Event "XX Sants Open 2018"]
[Site "Cotxeres de Sants"]
[Date "2018.08.25"]
[Round "9"]
[White "Lujan Moreno, Royer Manuel"]
[Black "Cassi De La Viuda, Alex"]
[Result "1-0"]
[ECO "B20"]
[WhiteElo "1477"]
[BlackElo "1566"]
[Annotator "NA RC"]
[PlyCount "72"]
[EventDate "2018.08.17"]
[EventType "swiss"]
[EventCountry "ESP"]
[SourceTitle "playchess.com"]
[Source "ChessBase"]
[SourceQuality "1"]
[TimeControl "40/5400+30:1800+30"]

1. e4 c5 2. c4 Nc6 3. Nc3 d6 4. d3 g6 5. Nf3 Bg7 6. Be2 Nf6 7. O-O O-O 8. a3 Bg4 9. h3 Bxf3 10. Bxf3 Nd4 11. Nb5 Nxb5 12. cxb5 Qb6 13. a4 Nd7 14. Qb3 a6 15. Be3 axb5 16. axb5 Ne5 17. Be2 Nd7 18. f4 e6 19. f5 exf5 20. exf5 Rxa1 21. Rxa1 Re8 22. Kf2 Rxe3 23. Ra8+ Nf8 24. Qc4 Re5 25. fxg6 hxg6 26. Bf3 Rf5 27. g4 d5 28. Qc1 c4+ 29. Kg2 Re5 30. dxc4 dxc4 31. Rb8 Rxb5 32. Rxb7 Rxb2+ 33. Kh1 Qf2 34. Rxb2 Bxb2 35. Qf4 Bd4 36. Qxd4 Qxd4 1-0

[Event "XX Sants Open 2018"]
[Site "Cotxeres de Sants"]
[Date "2018.08.26"]
[Round "10"]
[White "Perez Garcia, Jose Miguel"]
[Black "Santos Ramos, Carlos"]
[Result "1-0"]
[ECO "A46"]
[WhiteElo "1910"]
[BlackElo "1825"]
[Annotator "NA RC"]
[PlyCount "67"]
[EventDate "2018.08.17"]
[EventType "swiss"]
[EventCountry "ESP"]
[SourceTitle "playchess.com"]
[Source "ChessBase"]
[SourceQuality "1"]
[TimeControl "40/5400+30:1800+30"]

1. d4 Nf6 2. Nf3 e6 3. g3 c5 4. Bg2 Nc6 5. O-O d5 6. c4 dxc4 7. Ne5 Nxe5 {E04: Open Catalan: 5 Nf3} (7... Bd7 8. Nxc4 cxd4 9. Bf4 Be7 10. Nd6+ Kf8 11. Nxb7 Qb6 12. Nd6 Nd5 13. Nc4 Qd8 14. Be5 Rc8 15. Nbd2 f6 16. Bd6 Be8 17. Ne4 {1-0 (33) Vidit,S (2715)-Harikrishna,P (2744) Riadh 2017}) 8. dxe5 Qxd1 9. Rxd1 {LiveBook: 54 Games} Nd5 10. Bxd5 exd5 11. Rxd5 Be6 12. Rd1 Be7 13. Nc3 O-O 14. Nd5 $146 ({Predecessor:} 14. e4 Rfd8 15. Nd5 {1-0 (51) Straub,N (2340)-David,G (2125) Dresden 1999}) 14... Bxd5 15. Rxd5 Rfd8 16. e4 f6 $1 17. f4 Kf7 (17... fxe5 $15 18. fxe5 Kf7) 18. Be3 Rac8 19. a4 ({Better is} 19. Rxd8 $11 Rxd8 20. exf6 gxf6 21. Kf2) 19... fxe5 20. fxe5 Ke6 21. Rad1 Rxd5 22. exd5+ Kxe5 23. Bf4+ Kf6 24. d6 Rd8 {[#]} 25. Kg2 $2 (25. Rf1 $1 $16 Bf8 {[#]} 26. d7 $1 ) 25... g5 $2 (25... Kf7 $17 26. Rc1 Bxd6 27. Rxc4 b6) 26. dxe7 Rxd1 27. e8=Q gxf4 28. gxf4 Rd3 29. Qe5+ Kg6 30. Qxc5 Rd2+ 31. Kf3 Rxb2 32. Qg5+ Kf7 33. Qf5+ Kg8 34. Qe6+ 1-0

[Event "XX Sants Open 2018"]
[Site "Cotxeres de Sants"]
[Date "2018.08.26"]
[Round "10"]
[White "Vargas Drechsler, Carlos"]
[Black "Magallanes, Gustavo Javier"]
[Result "1/2-1/2"]
[ECO "B23"]
[WhiteElo "1902"]
[BlackElo "1905"]
[Annotator "NA"]
[PlyCount "103"]
[EventDate "2018.08.17"]
[EventType "swiss"]
[EventCountry "ESP"]
[SourceTitle "playchess.com"]
[Source "ChessBase"]
[SourceQuality "1"]
[TimeControl "40/5400+30:1800+30"]

1. e4 c5 2. Nc3 e6 3. g3 Nc6 4. Bg2 g6 5. d3 Bg7 6. Be3 d6 7. Qd2 Nd4 8. Nce2 Ne7 {[%emt 0:03:41] LiveBook: 3 Games} 9. c3 Nxe2 10. Nxe2 O-O 11. O-O Bd7 12. d4 $146 {[%emt 0:02:24] B24: Closed Sicilian: 3 g3 sidelines} ({Predecessor:} 12. Bh6 Bc6 13. Bxg7 Kxg7 14. d4 b6 15. c4 e5 16. dxe5 dxe5 17. Qc3 f6 18. f4 Qc7 19. Rad1 Rad8 20. Rxd8 Rxd8 {½-½ (54) Letay,G (2230)-Kahn,E (2370) Budapest 1997}) 12... cxd4 13. Bxd4 Bc6 14. Rfd1 (14. Bxg7 $16 Kxg7 15. Rfd1) 14... d5 15. Bxg7 Kxg7 16. Nd4 (16. c4 $16) 16... Qb6 (16... dxe4 $11 17. Nxc6 Nxc6) 17. Nxc6 bxc6 18. Qd4+ f6 19. Qxb6 axb6 20. exd5 exd5 21. a3 b5 $11 22. Re1 Kf7 23. Re2 Rfe8 24. Rae1 Ng8 25. Rxe8 Rxe8 26. Rxe8 Kxe8 27. Kf1 Kd7 28. Ke2 Kd6 29. Kd3 Ne7 30. Bf1 Nc8 31. b3 Nb6 32. Ke3 Kc5 33. Bh3 Kd6 34. f4 c5 35. Bf1 Kc6 36. g4 Nd7 37. a4 bxa4 38. bxa4 c4 39. Kd4 Nc5 40. Bg2 Nb3+ 41. Ke3 Kc5 42. h4 d4+ 43. cxd4+ Nxd4 44. a5 c3 45. a6 c2 46. Kd2 Kb6 47. Bf1 h6 48. Bd3 f5 49. h5 gxh5 50. gxh5 Ne6 51. Bxc2 Nxf4 52. Bxf5 1/2-1/2

[Event "XX Sants Open 2018"]
[Site "Cotxeres de Sants"]
[Date "2018.08.26"]
[Round "10"]
[White "Ruiz Gonzalez, Jorge"]
[Black "Zheng, Hong Wei"]
[Result "1-0"]
[ECO "C41"]
[WhiteElo "1888"]
[BlackElo "1876"]
[Annotator "NA"]
[PlyCount "47"]
[EventDate "2018.08.17"]
[EventType "swiss"]
[EventCountry "ESP"]
[SourceTitle "playchess.com"]
[Source "ChessBase"]
[SourceQuality "1"]
[TimeControl "40/5400+30:1800+30"]

1. e4 e5 2. Nf3 d6 3. d4 Qe7 4. Nc3 c6 {LiveBook: 113 Games} 5. Be3 {C41: Philidor Defence} (5. a4 Nf6 6. Be2 h6 7. h3 Qc7 8. Be3 Be7 9. O-O O-O 10. Re1 Re8 11. Bc4 Nbd7 12. Ba2 Nf8 13. Qd2 Be6 14. d5 Bd7 15. Rad1 c5 16. Nxe5 dxe5 17. d6 Bxd6 18. Qxd6 Qxd6 19. Rxd6 Be6 20. Bxc5 Bxa2 21. Nxa2 {0-1 (72) Sanal,V (2551)-Fedoseev,V (2718) Riadh 2017}) 5... h6 6. Qd2 Nf6 7. dxe5 $146 ({Predecessor:} 7. O-O-O Nbd7 8. h3 g6 9. Kb1 Bg7 10. g4 h5 11. dxe5 dxe5 12. g5 Nh7 {½-½ (23) Mallahi,A (2300)-Kanan Azer,N (2200) Iran 1997}) 7... dxe5 8. O-O-O Qc7 $2 {[#]} (8... Nbd7 $11) 9. Nxe5 $1 Bb4 10. f3 (10. Bf4 $142 Bxc3 11. Qxc3) 10... O-O 11. Nd3 a5 12. g4 Bxg4 (12... b5 {is a better defense.} 13. h4 Nfd7) 13. fxg4 Nxe4 14. Qg2 ({Inferior is} 14. Nxe4 Bxd2+ 15. Rxd2 Na6 $11) 14... Nxc3 15. bxc3 Bxc3 16. Qg3 Qe7 17. Bc5 Qe6 18. Nf4 Qf6 19. Bxf8 Be5 20. Qa3 $18 Qxf4+ 21. Kb1 Na6 22. Bxa6 Rxa6 23. Bc5 b5 24. Rhf1 1-0

[Event "XX Sants Open 2018"]
[Site "Cotxeres de Sants"]
[Date "2018.08.26"]
[Round "10"]
[White "Vadillo, Torre Ismael"]
[Black "Garrido Sanchez, Daniel"]
[Result "1-0"]
[ECO "D37"]
[WhiteElo "1567"]
[BlackElo "1560"]
[Annotator "NA"]
[PlyCount "85"]
[EventDate "2018.08.17"]
[EventType "swiss"]
[EventCountry "ESP"]
[SourceTitle "playchess.com"]
[Source "ChessBase"]
[SourceQuality "1"]
[TimeControl "40/5400+30:1800+30"]

1. d4 d5 2. c4 e6 3. Nc3 Nf6 4. Nf3 Nbd7 5. Bg5 Be7 6. e3 h6 7. Bh4 b6 8. cxd5 exd5 9. Bb5 Bb7 10. Ne5 O-O 11. Bc6 Rb8 12. Bxb7 Rxb7 13. Nc6 Qe8 14. Nxe7+ Qxe7 15. Nxd5 Qe4 16. Nxf6+ Nxf6 17. Qf3 Qxf3 18. gxf3 c5 19. Bxf6 gxf6 20. d5 Rd8 21. e4 f5 22. Ke2 Kg7 23. Rhg1+ Kf6 24. Ke3 Re7 25. Rad1 fxe4 26. fxe4 Rde8 27. f3 Re5 28. h4 Rc8 29. f4 Ree8 30. d6 Red8 31. e5+ Ke6 32. Ke4 c4 33. f5+ Kd7 34. Rg7 Ke8 35. e6 fxe6 36. fxe6 Kf8 37. Rf7+ Kg8 38. d7 Rb8 39. Ke5 Rb7 40. Kf6 Rc7 41. Ke7 Rb8 42. Rg1+ Kh8 43. Rf8+ 1-0